 Dungeon Crawl Stone Soup version 0.20.1-1-g8b1a95d (webtiles) character file.

117 Gargoyl the Skirmisher (level 4, -2/41 HPs)
             Began as a Minotaur Abyssal Knight on Oct 3, 2017.
             Was a Believer of Lugonu.
             Slain by Crazy Yiuf
             ... wielding a +2 quarterstaff of chaos
              (4 damage)
             ... on level 2 of the Dungeon.
             The game lasted 00:03:31 (1767 turns).

Gargoyl the Skirmisher (Minotaur Abyssal Knight)    Turns: 1767, Time: 00:03:31

Health: -2/41      AC: 12    Str: 17    XL:     4   Next: 71%
Magic:  4/4        EV:  7    Int:  9    God:    Lugonu [**....]
Gold:   74         SH:  0    Dex: 10    Spells: 3/3 levels left

rFire    . . .     SeeInvis .   a - +2 hand axe
rCold    . . .     Gourm    .   (no shield)
rNeg     . . .     Faith    .   l - +0 chain mail
rPois    .         Spirit   .   (helmet restricted)
rElec    .         Reflect  .   (no cloak)
rCorr    .         Harm     .   k - +1 pair of gloves
MR       .....                  b - +0 pair of boots
Stlth    ..........             (no amulet)
Regen    0.2/turn               (no ring)
MPRegen  0.1/turn               (no ring)

@: lethally poisoned (-2 -> -11), hasted and slowed
A: retaliatory headbutt, horns 2
a: Depart the Abyss, Bend Space, Renounce Religion


You were on level 2 of the Dungeon.
You worshipped Lugonu.
Lugonu was pleased with you.
You were hungry.

You visited 1 branch of the dungeon, and saw 2 of its levels.
You visited the Abyss 1 time.

You collected 74 gold pieces.

Inventory:

Hand Weapons
 a - a +2 hand axe (weapon)
Armour
 b - a +0 pair of boots (worn)
 k - a +1 pair of gloves (worn)
 l - a +0 chain mail (worn)
Scrolls
 g - 2 scrolls of identify
 m - a scroll of teleportation {unknown}
 n - a scroll of noise {unknown}
Potions
 h - a potion of lignification {unknown}
 o - a potion of ambrosia {unknown}
Comestibles
 c - 3 bread rations
 i - 2 royal jellies
 j - a meat ration


   Skills:
 + Level 4.7 Fighting
 + Level 3.9 Axes
 * Level 3.7 Armour
 + Level 1.1 Dodging
 * Level 2.2 Invocations


You had 3 spell levels left.
You didn't know any spells.

Dungeon Overview and Level Annotations

Branches:
Dungeon (2/15)

Altars:
Yredelemnul

Annotations:
D:2 Crazy Yiuf


Innate Abilities, Weirdness & Mutations

You reflexively headbutt those who attack you in melee.
You have a pair of horns on your head.


Message History

Crazy Yiuf is heavily wounded.
Crazy Yiuf hits you but does no damage.
You hit Crazy Yiuf.
Crazy Yiuf is severely wounded.
Crazy Yiuf hits you with a quarterstaff of chaos.
* * * LOW HITPOINT WARNING * * *
Crazy Yiuf burns you.
* * * LOW HITPOINT WARNING * * *
Your chain mail prevents you from hitting Crazy Yiuf.
You headbutt Crazy Yiuf.
Crazy Yiuf is almost dead.
Crazy Yiuf hits you with a quarterstaff of chaos.
* * * LOW HITPOINT WARNING * * *
You are lethally poisoned!
Your chain mail prevents you from hitting Crazy Yiuf.
Crazy Yiuf is almost dead.
* * * LOW HITPOINT WARNING * * *
You feel sick.
Crazy Yiuf hits you with a quarterstaff of chaos.
You die...

..#..####### #....#
#.########. ..#..# #....#
#...†...... ..#..# #...##
########### ..#..# ##.##
#.......... ###..# #.##
#.######### .....# ##.# #.#
####.# #.## #.# .....# ##.#
#.# ###### #@# #.# #.g.#
#.# #...# #.# #..)# #.#
##### #.# #.### #...#
#########################.#
..........................#


You could see Crazy Yiuf.

Vanquished Creatures
  4 adders (D:2)
  2 oozes
  3 dart slugs (D:1)
  A ball python (D:2)
  2 giant cockroaches (D:2)
  2 gnoll zombies (D:2)
  4 hobgoblins
  17 jackals
  2 kobolds
  A quokka (D:2)
  9 bats
  3 frilled lizards
  6 goblins
  8 rats
64 creatures vanquished.

Notes
Turn   | Place    | Note
-------+----------+-------------------------------------------
     0 | Abyss:1  | Gargoyl the Minotaur Abyssal Knight began the quest for the Orb.
     0 | Abyss:1  | Reached XP level 1. HP: 19/19 MP: 1/1
    67 | Abyss:2  | Noticed a smoke demon
   110 | Abyss:2  | Noticed a ynoxinul
   110 | D:1      | Escaped the Abyss
   181 | D:1      | Reached * piety under Lugonu
   181 | D:1      | Reached skill level 4 in Fighting
   183 | D:1      | Reached XP level 2. HP: 25/27 MP: 2/2
   431 | D:1      | Reached XP level 3. HP: 33/33 MP: 3/3
   744 | D:2      | Found a basalt altar of Yredelemnul.
   749 | D:2      | Reached ** piety under Lugonu
   794 | D:2      | Reached XP level 4. HP: 36/41 MP: 4/4
  1260 | D:2      | Found a runed door.
  1743 | D:2      | Noticed Crazy Yiuf
  1767 | D:2      | HP: 2/41 [poisoned by Crazy Yiuf]
  1767 | D:2      | Slain by Crazy Yiuf

Skill      XL: |  1  2  3 |
---------------+----------+-----
Fighting       | 4 |  4.7
Armour         | 3 |  3.7
Axes           | 3 |  3.9
Invocations    | 2 |  2.2
Dodging        | |  1.1

Action                   |  1- 3 |  4- 6 || total
-------------------------+-------+-------++-------
Melee: Hand axe          |    58 |    78 ||   136
       Headbutt          |    14 |    10 ||    24
Invok: Depart the Abyss  |     1 |       ||     1
  Use: Scroll            |     3 |     1 ||     4
       Potion            |     1 |     2 ||     3
  Eat: Chunk             |       |     2 ||     2
Armor: Scale mail        |    53 |       ||    53
       Leather armour    |     1 |       ||     1
       Chain mail        |       |    42 ||    42
Dodge: Dodged            |    46 |    25 ||    71
